 Dungeon Crawl Stone Soup version 0.31-a0-963-ga325b2283a (webtiles) character file.

Game seed: 11233253056908934242

1429 strifetoe the Cleaver (level 8, -2/67 HPs)
             Began as an Armataur Fighter on Oct 25, 2023.
             Slain by a troll (14 damage)
             ... on level 6 of the Dungeon.
             The game lasted 00:10:18 (5645 turns).

strifetoe the Cleaver (Armataur Fighter)            Turns: 5645, Time: 00:10:19

Health: -2/67      AC: 10    Str: 23    XL:     8   Next: 44%
Magic:  8/8        EV:  7    Int:  9    God:
Gold:   821        SH:  4    Dex: 10    Spells: 7/7 levels left

rFire   . . .        a - +1 war axe
rCold   . . .        c - +0 buckler
rNeg    . . .        b - +0 scale mail
rPois   .            x - +2 helmet
rElec   .            (no cloak)
rCorr   .            (no gloves)
SInv    .            (no barding)
Will    .....        j - amulet of the acrobat Stlth
                     (no ring)
HPRegen 0.31/turn    (no ring)
MPRegen 0.11/turn

%: acrobat, roll
@: mighty
A: large, rugged brown scales 3, deformed body, armoured tail, roll, long
tongue, awkward tongue
a: no special abilities


You were on level 6 of the Dungeon.
You visited 1 branch of the dungeon, and saw 6 of its levels.

You collected 821 gold pieces.

Inventory:

Hand Weapons
 a - a +1 war axe (weapon)
 u - a +2 flail of holy wrath
 B - the +7 Throatcutter {drain, coup de grace}
   (You found it on level 5 of the Dungeon)
Missiles
 e - a throwing net
 z - 3 curare-tipped darts
 A - 23 poisoned darts
Armour
 b - a +0 scale mail (worn)
 c - a +0 buckler (worn)
 x - a +2 helmet (worn)
Jewellery
 j - an amulet of the acrobat (around neck)
Wands
 t - a wand of iceblast (6)
Scrolls
 m - 2 scrolls of teleportation
 n - 2 scrolls of amnesia
 s - 3 scrolls of enchant armour
 w - 2 scrolls of identify
Potions
 h - 2 potions of attraction
 o - a potion of haste {unknown}
 p - a potion of degeneration {unknown}
 q - 2 potions of invisibility
 r - 2 potions of mutation


   Skills:
 + Level 3.0 Fighting
 + Level 0.9 Long Blades
 - Level 8.7 Axes
 + Level 4.0 Armour
 - Level 3.2 Shields


You had 7 spell levels left.
You didn't know any spells.
Your spell library contained the following spells:

 Spells                   Type           Power      Damage    Failure   Level
 Necrotise                Necr           0%         1d4       77%         1
 Slow                     Hex            0%         N/A       77%         1
 Confusing Touch          Hex            0%         N/A       98%         3
 Sigil of Binding         Hex            0%         N/A       98%         3
 Tukima's Dance           Hex            0%         N/A       98%         3
 Vampiric Draining        Necr           0%         2d6       98%         3
 Dimensional Bullseye     Hex/Tloc       0%         N/A       100%        4
 Iskenderun's Mystic Bla  Conj/Tloc      0%         2d3       100%        4
 Agony                    Necr           0%         N/A       100%        5


Dungeon Overview and Level Annotations

Branches:
Dungeon (6/15)
 Temple: D:4-7

Altars:
Elyvilon
Fedhas
Hepliaklqana
Ru
Trog
Uskayaw
Vehumet
Wu Jian
The Shining One

Shops:
D:5 [

Annotations:
D:3 2 transporters


Innate Abilities, Weirdness & Mutations

You are completely covered in rugged brown scales. (AC +3, +7% HP)
Armour fits poorly on your strangely shaped body.
You have a long armoured tail.
You roll when moving toward enemies. (Rampage)
Your long tongue fully drains potion bottles. (2x potion effects)
Your tongue gives you trouble enunciating. (1.5x scroll delay)


Message History

Unknown command.
Okay, then.
You hit the troll.
The troll is lightly wounded.
You block the troll's attack. The troll claws you.
The troll claws you but does no damage.
Unknown command.
You slash the troll!
The troll is moderately wounded.
You block the troll's attack. The troll completely misses you.
The troll closely misses you.
You feel very mighty all of a sudden.
You slurp down every last drop of the potion of might!
You block the troll's attack. The troll claws you!
The troll claws you but does no damage.
You slice the troll!!
Your tail-slap misses the troll.
The troll is almost dead.
The troll barely misses you. The troll claws you but does no damage.
The troll barely misses you.
You barely miss the troll.
The troll is almost dead.
The troll bites you. The troll claws you.
The troll claws you but does no damage.
You hit the troll.
The troll is almost dead.
You block the troll's attack.
The troll claws you but does no damage. x2
You barely miss the troll.
The troll is almost dead.
The troll bites you but does no damage. You block the troll's attack.
The troll claws you but does no damage.
You hit the troll but do no damage.
The troll is almost dead.
You block the troll's attack. The troll claws you!
* * * LOW HITPOINT WARNING * * *
The troll claws you!
* * * LOW HITPOINT WARNING * * *
You barely miss the troll.
The troll is almost dead.
The troll bites you!
You die...

≈.....≈.....≈.##...
≈≈≈≈≈.≈≈≈≈≈≈≈.# ...
..............# ..
...............##+##
...............#...#
............##+#...#+#
...........## .....#
........#.######T..#
.....#..#.#.@...+
.............#####
...............#
......##.##....+
.......#.##....#
..........#.##.###
.#..........#...+
##.....##......#####
#.....####.<.......+


You could see a troll.

Vanquished Creatures
  An ice beast (D:5)
  7 kobold brigands (D:5)
  A bullfrog (D:5)
  2 scorpions (D:5)
  3 hounds
  A jelly (D:5)
  An orc priest (D:3)
  3 sleepcaps
  3 iguanas
  3 orc wizards
  13 adders
  4 gnolls
  A shadow imp (D:6)
  A white imp (D:5)
  2 worms
  3 dart slugs
  11 orcs
  10 bats
  5 endoplasms
  6 giant cockroaches
  9 goblins
  8 hobgoblins
  8 jackals
  3 quokkas
  7 ball pythons
  5 frilled lizards
  4 kobolds
  6 rats
131 creatures vanquished.

Notes
Turn   | Place    | Note
-------+----------+-------------------------------------------
     0 | D:1      | strifetoe the Armataur Fighter began the quest for the Orb.
     0 | D:1      | Reached XP level 1. HP: 19/19 MP: 1/1
   197 | D:1      | Reached skill level 2 in Axes
   197 | D:1      | Reached XP level 2. HP: 26/26 MP: 2/2
   651 | D:1      | Reached XP level 3. HP: 32/32 MP: 3/3
   659 | D:1      | Reached skill level 3 in Axes
  1347 | D:2      | Reached XP level 4. HP: 31/39 MP: 4/4
  2032 | D:3      | Reached skill level 4 in Axes
  2032 | D:3      | Reached XP level 5. HP: 13/44 MP: 5/5
  2032 | D:3      | HP: 2/44 [orc/+0 trident (2)]
  2362 | D:3      | Found a transporter.
  2362 | D:3      | Found a transporter.
  2363 | D:3      | Noticed a phantom
  2364 | D:3      | Found a radiant altar of Vehumet.
  2404 | D:3      | Found a bloodstained altar of Trog.
  2934 | D:4      | Found a blossoming altar of Fedhas.
  3081 | D:4      | Reached skill level 5 in Axes
  3202 | D:4      | Reached XP level 6. HP: 42/53 MP: 6/6
  3398 | D:4      | You fall into a shaft and drop 2 floors!
  3398 | D:6      | Found a white marble altar of Elyvilon.
  3398 | D:6      | Found a hide-covered altar of Uskayaw.
  3535 | D:5      | Entered Level 5 of the Dungeon
  3586 | D:5      | Reached skill level 6 in Axes
  3590 | D:5      | Noticed an ice beast
  3597 | D:5      | Reached XP level 7. HP: 36/59 MP: 7/7
  3632 | D:5      | Reached skill level 7 in Axes
  3825 | D:5      | Found a sacrificial altar of Ru.
  4015 | D:5      | Found an ornate altar of the Wu Jian Council.
  4298 | D:5      | Found Vounlih's Antique Armour Emporium.
  4338 | D:5      | Found the +7 Throatcutter {drain, coup de grace}
  4358 | D:5      | Reached skill level 8 in Axes
  4358 | D:5      | Reached XP level 8. HP: 31/66 MP: 8/8
  5032 | D:4      | Found a glowing golden altar of the Shining One.
  5229 | D:4      | Identified a scroll of acquirement
  5229 | D:4      | Acquired 672 gold pieces
  5481 | D:6      | Found a hazy altar of Hepliaklqana.
  5635 | D:6      | Noticed a troll
  5645 | D:6      | Slain by a troll

Illustrated notes

Levels and vault maps discovered:
D:1:      dpeg_arrival_prison, layout_basic
D:2:      kennysheep_big_flooded_room, layout_loops_ring
D:3:      layout_loops_ring, gammafunk_temple_overflow_arena,
          trog_three_pillars_becter, grunt_ministairs_13,
          minmay_misc_feat_columns
D:4:      minmay_wonky_spiral, layout_cave_pools,
          mainiacjoe_overflow_small_starburst, mainiacjoe_overflow_tiny_flanked,
          serial_rivers, chequers_serial_rivers_micro_c,
          chequers_serial_rivers_room_a, chequers_serial_rivers_micro_a,
          chequers_serial_rivers_small_a, chequers_serial_rivers_room_a,
          chequers_serial_rivers_micro_d, minmay_between
D:5:      layout_loops_ring, mainiacjoe_overflow_brackets,
          nicolae_wu_jian_wuxing_cycle, serial_shops, shop,
          dilly_guarded_unrand_throatcut
D:6:      nicolae_cairo_tiling_large, layout_cave_pools,
          mainiacjoe_overflow_catwalk_spiral, mainiacjoe_overflow_alcove_1,
          serial_park_tiny_pond, nicolae_letterblocks [nicolae_letter_subblock,
          nicolae_letter_subblock, nicolae_letter_subblock,
          nicolae_letter_subblock, nicolae_letter_subblock,
          nicolae_letter_subblock, nicolae_letter_subblock,
          nicolae_letter_subblock, nicolae_letter_subblock,
          nicolae_letter_subblock, nicolae_letter_subblock,
          nicolae_letter_subblock, nicolae_letter_subblock,
          nicolae_letter_subblock, nicolae_letter_subblock,
          nicolae_letter_subblock, nicolae_letter_subblock,
          nicolae_letter_subblock, nicolae_letter_subblock,
          nicolae_letter_subblock, nicolae_letter_subblock,
          nicolae_letter_subblock, nicolae_letter_subblock,
          nicolae_letter_subblock, nicolae_letter_subblock]

Skill      XL: |  1  2  3  4  5  6  7  8 |
---------------+-------------------------+-----
Axes           | 2 3 4 5 6 8 |  8.7
Armour         | 4 |  4.0
Fighting       | 3 |  3.0
Long Blades    | |  0.9
Shields        | |  3.2

Action                     |  1- 3 |  4- 6 |  7- 9 || total
---------------------------+-------+-------+-------++-------
  Melee: War axe           |   121 |   169 |   143 ||   433
         Tailslap          |     7 |    18 |    16 ||    41
  Evoke: Wand              |       |       |     1 ||     1
    Use: Potion            |     1 |     1 |     7 ||     9
         Scroll            |       |       |    14 ||    14
 Armour: Scale mail        |   118 |   143 |   125 ||   386
  Dodge: Dodged            |    54 |    79 |    39 ||   172
  Block: Buckler           |    20 |    39 |    25 ||    84

Table legend: (Time is in decaauts)
 A = Elapsed time spent in this place.
 B = Non-inter-level travel time spent in this place.
 C = Inter-level travel time spent in this place.
 D = Time resting spent in this place.
 E = Time spent auto-exploring this place.
 F = Levels seen in this place.
 G = Mean time per level.
                   A        B        C        D        E       F      G
               +--------+--------+--------+--------+--------+-----+--------+
         Total |   5773 |   5605 |    168 |   1167 |   3426 |   6 |  962.2 |
       Dungeon |   5773 |   5605 |    168 |   1167 |   3426 |   6 |  962.2 |
               +--------+--------+--------+--------+--------+-----+--------+

Top non-repeatable levels by time:
     D:5: 1263 daAuts
     D:1: 1201 daAuts
     D:4: 1167 daAuts
     D:3: 942 daAuts
     D:2: 809 daAuts
     D:6: 389 daAuts
